 Dungeon Crawl Stone Soup version 0.27-a0-34-gc18c9092ac (webtiles) character file.

Game seed: 14381607159381466236

2489 pistachioham the Vexing (level 9, -2/68 HPs)
             Began as a Gnoll Arcane Marksman on Jan 3, 2021.
             Was a Follower of Sif Muna.
             Killed from afar by a yak (40 damage)
             ... with an exploding inner flame
             ... on level 7 of the Dungeon on Jan 4, 2021.
             The game lasted 01:00:55 (9143 turns).

pistachioham the Vexing (Gnoll Arcane Marksman)     Turns: 9143, Time: 01:00:55

Health: -2/68      AC:  5    Str: 19      XL:     9   Next: 52%
Magic:  15/16      EV: 16    Int: 18      God:    Sif Muna [*.....]
Gold:   344        SH:  0    Dex: 15 (16) Spells: 5/18 levels left

rFire    . . .     SeeInvis .   B - +4 falchion
rCold    . . .     Faith    .   (no shield)
rNeg     . . .     Spirit   .   e - +1 robe
rPois    .         Reflect  .   y - +0 helmet
rElec    .         Harm     .   (no cloak)
rCorr    .         Rampage  .   w - +0 pair of gloves
Will     .....                  (no boots)
Stlth    +++.......             (no amulet)
HPRegen  0.21/turn              q - +6 ring of strength
MPRegen  0.15/turn              i - ring of wizardry

@: no status effects
A: distributed training, fangs 1, strong nose
a: Renounce Religion, Channel Magic


You were on level 7 of the Dungeon.
You worshipped Sif Muna.
Sif Muna was aware of your devotion.
You visited 2 branches of the dungeon, and saw 8 of its levels.
You also visited: Sewer.

You collected 344 gold pieces.

Inventory:

Hand Weapons
 a - a +2 shortbow
 b - a +0 short sword of electrocution
 j - a +0 dagger
 z - a +4 hand axe
 B - a +4 falchion (weapon)
Missiles
 d - 30 arrows
Armour
 e - a +1 robe (worn)
 w - a +0 pair of gloves (worn)
 y - a +0 helmet (worn)
Jewellery
 f - a +4 ring of evasion
 h - an uncursed ring of resist corrosion
 i - a ring of wizardry (right hand)
 q - a +6 ring of strength (left hand)
 u - an uncursed ring of positive energy
Wands
 t - a wand of iceblast (12)
 x - a wand of polymorph (8)
 A - a wand of paralysis (4)
Scrolls
 c - 5 scrolls of teleportation {unknown}
 g - a scroll of enchant armour
 k - a scroll of amnesia
 n - 9 scrolls of identify
 v - a scroll of holy word {unknown}
Potions
 l - a potion of curing
 m - a potion of degeneration {unknown}
 o - a potion of invisibility {unknown}
 p - 2 potions of haste {unknown}
 r - a potion of lignification {unknown}
 s - a potion of resistance {unknown}


   Skills:
 + Level 5.1 Fighting
 + Level 4.3 Short Blades
 + Level 4.3 Long Blades
 + Level 4.3 Axes
 + Level 4.3 Maces & Flails
 + Level 4.3 Polearms
 + Level 4.3 Staves
 + Level 4.3 Slings
 + Level 6.3 Bows
 + Level 4.3 Crossbows
 + Level 4.3 Throwing
 + Level 4.3 Armour
 + Level 6.3 Dodging
 + Level 4.3 Stealth
 + Level 4.3 Shields
 + Level 4.3 Unarmed Combat
 + Level 5.2 Spellcasting
 + Level 3.5 Conjurations
 + Level 6.6 Hexes
 + Level 3.5 Summonings
 + Level 3.5 Necromancy
 + Level 3.5 Translocations
 + Level 3.5 Transmutations
 + Level 3.5 Fire Magic
 + Level 3.5 Ice Magic
 + Level 3.5 Air Magic
 + Level 3.5 Earth Magic
 + Level 3.5 Poison Magic
 + Level 4.7 Invocations
 + Level 4.3 Evocations


You had 5 spell levels left.
You knew the following spells:

 Your Spells              Type           Power        Failure   Level
a - Corona                Hex            31%          1%          1
b - Slow                  Hex            28%          1%          2
c - Portal Projectile     Hex/Tloc       46%          1%          3
d - Inner Flame           Hex/Fire       23%          1%          3
e - Cause Fear            Hex            14%          3%          4

Your spell library contained the following spells:

 Spells                   Type           Power        Failure   Level
 Animate Skeleton         Necr           34%          1%          1
 Pain                     Necr           68%          1%          1
 Vampiric Draining        Necr           8%           3%          3
 Leda's Liquefaction      Hex/Erth       11%          6%          4
 Animate Dead             Necr           8%           12%         4
 Agony                    Necr           17%          32%         5


Dungeon Overview and Level Annotations

Branches:
Dungeon (7/15)             Temple (1/1) D:5           Sewer (visited)

Altars:
Ashenzari
Cheibriados
Dithmenos
Elyvilon
Fedhas
Gozag
Hepliaklqana
Kikubaaqudgha
Makhleb
Sif Muna
Trog
Uskayaw
Vehumet
Yredelemnul
Zin
The Shining One

Annotations:
D:6 2 runed translucent doors, xraymikek's ghost, novice DrFE
D:7 exclusion: statue


Innate Abilities, Weirdness & Mutations

Your experience applies equally to all skills.
You have very sharp teeth.
Your uncanny sense of smell can sniff out nearby items.


Message History

You barely miss the yak. You bite the yak, but do no damage.
The yak is severely wounded.
The yak gores you!
Unknown command.
You hit the yak.
Flame seeps out of the yak.
The yak is severely wounded.
The yak is engulfed in blazing flames.
Sif Muna accepts your kill.
The yak explodes!
The fiery explosion engulfs the yak!!
The yak is almost dead.
The fiery explosion engulfs the yak!!!
You kill the yak!
Sif Muna accepts your kill.
You can now call upon Sif Muna for magical energy.
The fiery explosion engulfs the yak!!
The yak is heavily wounded.
The fiery explosion engulfs you!!!
Ouch! That really hurt!
You die...

####### ####### #.....# #.<...#
######.....######.....#
...>..................#
#####...z.<######.....###########
#.(....# #...........[.)...
#(##.### #.........#######. #.
#.#######@......#.# #. ..
......Y§○##.......#######.
.......(.(.YY.................
.z....(.####>.#####....#######.
#.##.## #... .....# #. #.##
##...## #. #. . .. #. ## #.


You could see 3 yaks.

Vanquished Creatures
  Pikel (D:4)
  Prince Ribbit (D:5)
  Sigmund (D:4)
  2 yaks (D:7)
  A sky beast (D:5)
  A phantom (D:6)
  An ogre (D:5)
  An ice beast (D:6)
  A lemure (D:3)
  2 bullfrogs (Sewer)
  2 scorpions
  5 wights (D:7)
  A howler monkey (D:7)
  A bullfrog zombie (D:5)
  A quasit (D:7)
  3 hounds
  2 orc priests (D:5)
  A jelly (D:5)
  A centaur skeleton (D:5)
  Jessica (D:2)
  An iguana (D:6)
  3 orc wizards
  3 worker ants
  A hound skeleton (D:3)
  A worker ant zombie (D:6)
  13 adders
  2 river rats (D:3)
  A white imp (D:5)
  3 ufetubi
  9 oozes (Sewer)
  An adder zombie (D:5)
  An adder skeleton (D:4)
  4 worms
  3 dart slugs
  16 leopard geckos
  16 orcs
  20 ball pythons (Sewer)
  6 bats
  16 giant cockroaches
  7 goblins
  7 hobgoblins
  6 jackals
  8 kobolds
  16 frilled lizards
  A leopard gecko zombie (D:6)
  9 rats
204 creatures vanquished.

Notes
Turn   | Place    | Note
-------+----------+-------------------------------------------
     0 | D:1      | pistachioham the Gnoll Arcane Marksman began the quest for
                  | the Orb.
     0 | D:1      | Reached XP level 1. HP: 17/17 MP: 4/4
   204 | D:1      | Reached XP level 2. HP: 17/23 MP: 3/5
   207 | D:1      | Learned a level 2 spell: Slow
   823 | D:1      | Reached XP level 3. HP: 21/28 MP: 4/7
  1668 | D:2      | Reached skill level 1 in Invocations
  1706 | D:2      | Noticed Jessica
  1723 | D:2      | Killed Jessica
  1724 | D:2      | Reached skill level 1 in Short Blades
  1724 | D:2      | Reached skill level 1 in Long Blades
  1724 | D:2      | Reached skill level 1 in Axes
  1724 | D:2      | Reached skill level 1 in Maces & Flails
  1724 | D:2      | Reached skill level 1 in Polearms
  1724 | D:2      | Reached skill level 1 in Staves
  1724 | D:2      | Reached skill level 1 in Slings
  1724 | D:2      | Reached skill level 1 in Crossbows
  1724 | D:2      | Reached skill level 1 in Throwing
  1724 | D:2      | Reached skill level 1 in Armour
  1724 | D:2      | Reached skill level 1 in Stealth
  1724 | D:2      | Reached skill level 1 in Shields
  1724 | D:2      | Reached skill level 1 in Unarmed Combat
  1724 | D:2      | Reached skill level 1 in Evocations
  1724 | D:2      | Reached XP level 4. HP: 33/34 MP: 5/8
  2169 | D:3      | Reached skill level 1 in Conjurations
  2169 | D:3      | Reached skill level 1 in Summonings
  2169 | D:3      | Reached skill level 1 in Necromancy
  2169 | D:3      | Reached skill level 1 in Translocations
  2169 | D:3      | Reached skill level 1 in Transmutations
  2169 | D:3      | Reached skill level 1 in Fire Magic
  2169 | D:3      | Reached skill level 1 in Ice Magic
  2169 | D:3      | Reached skill level 1 in Air Magic
  2169 | D:3      | Reached skill level 1 in Earth Magic
  2169 | D:3      | Reached skill level 1 in Poison Magic
  2197 | D:3      | Learned a level 3 spell: Portal Projectile
  2412 | D:3      | Found a blossoming altar of Fedhas.
  2471 | D:3      | Reached XP level 5. HP: 21/40 MP: 1/9
  2566 | D:4      | Noticed Sigmund
  2642 | D:3      | Found a glowing drain.
  2648 | Sewer    | Entered a sewer
  3417 | Sewer    | Reached XP level 6. HP: 39/47 MP: 8/10
  3630 | Sewer    | Learned a level 3 spell: Inner Flame
  4071 | Sewer    | Reached skill level 5 in Bows
  4071 | Sewer    | Reached skill level 5 in Dodging
  4106 | Sewer    | HP: 1/47 [ooze (3)]
  4109 | Sewer    | Reached XP level 7. HP: 1/52 MP: 10/12
  5008 | D:4      | Learned a level 4 spell: Cause Fear
  5050 | D:4      | Found an opulent altar of Gozag.
  5062 | D:4      | Found a glowing silver altar of Zin.
  5233 | D:4      | Killed Sigmund
  5354 | D:4      | Noticed Pikel
  5872 | D:5      | Entered Level 5 of the Dungeon
  6129 | D:5      | Noticed Prince Ribbit
  6247 | D:5      | Found a burning altar of Makhleb.
  6690 | D:5      | Reached XP level 8. HP: 47/60 MP: 11/14
  6755 | D:5      | Killed Prince Ribbit
  7031 | D:4      | Killed Pikel
  7294 | D:6      | Reached XP level 9. HP: 60/66 MP: 14/16
  7533 | D:5      | Found a staircase to the Ecumenical Temple.
  7540 | Temple   | Entered the Ecumenical Temple
  7612 | Temple   | Became a worshipper of Sif Muna the Loreminder
  7870 | D:6      | Reached skill level 5 in Spellcasting
  7931 | D:6      | Upgraded the game from 0.27-a0-29-g2d0a2396b0 to
                  | 0.27-a0-34-gc18c9092ac
  8134 | D:6      | Found a runed translucent door.
  8149 | D:6      | Noticed xraymikek's ghost (novice DrFE)
  8270 | D:6      | Found a runed translucent door.
  8745 | D:7      | Found a radiant altar of Vehumet.
  8792 | D:7      | Reached skill level 5 in Fighting
  8900 | D:7      | Found a hide-covered altar of Uskayaw.
  8999 | D:7      | Reached * piety under Sif Muna
  9014 | D:7      | Paralysed by a wight for 7 turns
  9143 | D:7      | Killed from afar by a yak

Illustrated notes

Levels and vault maps discovered:
D:1:      dpeg_arrival_signposts, layout_loops_corners
D:2:      layout_rooms, serial_forest, infiniplex_forest_end_1,
          infiniplex_forest_clump_curved, infiniplex_forest_clump_long,
          infiniplex_forest_clump_large, infiniplex_forest_lined_room_2,
          infiniplex_forest_fountain, infiniplex_forest_lined_4_way,
          infiniplex_forest_lined_2, uniq_jessica
D:3:      layout_loops_ring, fedhas_altar_1, lightli_sewer_entry_pipes,
          chequers_serial_rivers_room_b
D:4:      layout_cave_pools, grunt_temple_overflow_gold_and_silver, uniq_pikel,
          uniq_sigmund
D:5:      layout_basic, minmay_temple_entry_statues_fountains,
          makhleb_blood_cavern_becter, uniq_prince_ribbit1
D:6:      layout_basic, ebering_ghost_sewer_f
D:7:      layout_loops_ring, lemuel_crystal_altar, vehumet_statue,
          amcnicky_mini_pool_small, minmay_stone_trees_medium,
          hangedman_decor_push, uniq_menkaure
Temple:   cyrus_temple_forest

Skill      XL: |  1  2  3  4  5  6  7  8  9 |
---------------+----------------------------+-----
Invocations    | 1 2 3 4 |  4.7
Short Blades   | 1 2 3 4 |  4.3
Long Blades    | 1 2 3 4 |  4.3
Axes           | 1 2 3 4 |  4.3
Maces & Flails | 1 2 3 4 |  4.3
Polearms       | 1 2 3 4 |  4.3
Staves         | 1 2 3 4 |  4.3
Slings         | 1 2 3 4 |  4.3
Crossbows      | 1 2 3 4 |  4.3
Throwing       | 1 2 3 4 |  4.3
Armour         | 1 2 3 4 |  4.3
Stealth        | 1 2 3 4 |  4.3
Shields        | 1 2 3 4 |  4.3
Unarmed Combat | 1 2 3 4 |  4.3
Evocations     | 1 2 3 4 |  4.3
Spellcasting   | 3 4 5 |  5.2
Conjurations   | 1 2 3 |  3.5
Summonings     | 1 2 3 |  3.5
Necromancy     | 1 2 3 |  3.5
Translocations | 1 2 3 |  3.5
Transmutations | 1 2 3 |  3.5
Fire Magic     | 1 2 3 |  3.5
Ice Magic      | 1 2 3 |  3.5
Air Magic      | 1 2 3 |  3.5
Earth Magic    | 1 2 3 |  3.5
Poison Magic   | 1 2 3 |  3.5
Fighting       | 3 4 5 |  5.1
Bows           | 5 6 |  6.3
Dodging        | 5 6 |  6.3
Hexes          | 6 |  6.6

Action                   |  1- 3 |  4- 6 |  7- 9 || total
-------------------------+-------+-------+-------++-------
Melee: Dagger            |    83 |   260 |       ||   343
       Bite              |     8 |    36 |    16 ||    60
       Punch             |     1 |     2 |     1 ||     4
       Short sword       |       |    56 |    95 ||   151
       Falchion          |       |       |     6 ||     6
 Fire: Shortbow          |    34 |    75 |   195 ||   304
 Cast: Corona            |    31 |    82 |    54 ||   167
       Portal Projectile |       |     1 |     2 ||     3
       Inner Flame       |       |     2 |     5 ||     7
       Slow              |       |       |    12 ||    12
       Cause Fear        |       |       |     1 ||     1
  Use: Scroll            |       |     9 |     1 ||    10
       Potion            |       |     3 |     3 ||     6
 Stab: Sleeping          |     3 |     1 |     4 ||     8
       Distracted        |       |       |     1 ||     1
Armor: Robe              |    25 |    59 |    22 ||   106
Dodge: Dodged            |   107 |   428 |   121 ||   656
       Rpst.: Falchion   |       |       |     1 ||     1

Table legend: (Time is in decaauts)
 A = Elapsed time spent in this place.
 B = Non-inter-level travel time spent in this place.
 C = Inter-level travel time spent in this place.
 D = Time resting spent in this place.
 E = Time spent auto-exploring this place.
 F = Levels seen in this place.
 G = Mean time per level.
                   A        B        C        D        E       F      G
               +--------+--------+--------+--------+--------+-----+--------+
         Total |   9219 |   8946 |    273 |   2489 |   1772 |   9 | 1024.3 |
       Dungeon |   7244 |   7000 |    244 |   1440 |   1772 |   7 | 1034.9 |
        Temple |    102 |     73 |     29 |      0 |      0 |   1 |  102.0 |
         Sewer |   1871 |   1871 |      0 |   1049 |      0 |   1 | 1871.0 |
               +--------+--------+--------+--------+--------+-----+--------+

Top non-repeatable levels by time:
   Sewer: 1871 daAuts
     D:1: 1582 daAuts
     D:3: 1338 daAuts
     D:4: 1208 daAuts
     D:5: 1092 daAuts
     D:6: 1045 daAuts
     D:2: 544 daAuts
     D:7: 433 daAuts
  Temple: 102 daAuts
